 Dungeon Crawl Stone Soup version 0.28.0-1-gb440e238dd (webtiles) character file.

Game seed: 3681655963235721714

4 hikkokomori the Digger (level 1, -3/10 HPs)
             Began as a Gargoyle Earth Elementalist on Feb 21, 2022.
             Frozen to death by an endoplasm (5 damage)
             ... on level 1 of the Dungeon.
             The game lasted 00:00:42 (150 turns).

hikkokomori the Digger (Gargoyle Earth Elementalist) Turns: 150, Time: 00:00:43

Health: -3/10      AC:  4    Str: 11    XL:     1   Next: 70%
Magic:  1/3        EV: 11    Int: 15    God:
Gold:   16         SH:  0    Dex: 10    Spells: 3/4 levels left

rFire   . . .      SeeInvis .   (no weapon)
rCold   . . .      Faith    .   (no shield)
rNeg    + . .      Spirit   .   b - +0 robe
rPois   ∞          Reflect  .   (no helmet)
rElec   +          Harm     .   (no cloak)
rCorr   .          Rampage  .   (no gloves)
Will    .....                   (no boots)
Stlth   ++........              (no amulet)
HPRegen 0.03/turn               (no ring)
MPRegen 0.08/turn               (no ring)

@: no status effects
A: sickness immunity, AC +2, negative energy resistance 1, electricity
resistance, torment resistance 1, petrification resistance
a: no special abilities


You were on level 1 of the Dungeon.
You visited 1 branch of the dungeon, and saw 1 of its levels.

You collected 16 gold pieces.

Inventory:

Missiles
 c - 51 stones
Armour
 b - a +0 robe (worn)
Jewellery
 d - an amulet of faith
Potions
 a - a potion of curing {unknown}


   Skills:
 - Level 1.5 Dodging
 - Level 2.2 Stealth
 + Level 2.1 Spellcasting
 - Level 0.7 Transmutations
 + Level 3.8 Earth Magic


You had 3 spell levels left.
You knew the following spells:

 Your Spells              Type           Power      Damage    Failure   Level
a - Sandblast             Erth           26%        2d8       4%          1

Your spell library contained the following spells:

 Spells                   Type           Power      Damage    Failure   Level
 Passwall                 Tmut/Erth      6%         N/A       13%         2
 Stone Arrow              Conj/Erth      14%        3d7       30%         3
 Petrify                  Tmut/Erth      8%         N/A       63%         4


Dungeon Overview and Level Annotations

Branches:
Dungeon (1/15)

Altars:


Innate Abilities, Weirdness & Mutations

You are immune to sickness and miasma.
Your stone body is resilient. (AC +2)
You are immune to poison.
You resist negative energy. (rN+)
You are resistant to electric shocks. (rElec)
You are resistant to unholy torment.
You are immune to petrification.


Message History

The bat hits you but does no damage.
You closely miss the bat.
The endoplasm quivers.
The bat completely misses you. The bat closely misses you.
You miss the bat. The bat hits you but does no damage.
You hit the bat but do no damage. The bat barely misses you.
The endoplasm hits you. The bat misses you.
You hit the endoplasm but do no damage. The bat closely misses you.
The endoplasm freezes you.
You are frozen.
Ouch! That really hurt!
* * * LOW HITPOINT WARNING * * *
You are too injured to fight recklessly!
You are too injured to fight recklessly!
You are too injured to fight recklessly!
You are too injured to fight recklessly!
You are too injured to fight recklessly!
You are too injured to fight recklessly!
You are too injured to fight recklessly!
You are too injured to fight recklessly!
You are too injured to fight recklessly!
You are too injured to fight recklessly!
You are too injured to fight recklessly!
You are too injured to fight recklessly!
You are too injured to fight recklessly!
You are too injured to fight recklessly!
You are too injured to fight recklessly!
Casting: Sandblast (safe; 4% risk of failure)
Confirm with . or Enter, or press ? or * to list all spells.
Aiming: Sandblast (safe; 4% risk of failure)
Press: ? - help, Shift-Dir - straight line, f - endoplasm
Aim: an endoplasm (98% to hit)
The blast of sand hits the endoplasm.
The endoplasm is moderately wounded.
The bat closely misses you. The endoplasm freezes you.
You are frozen.
Ouch! That really hurt!
You die...

### ... .###.# .....
#..# #####..# .#
##.#......# #.#
#....J...## #..
#....#@..### .....
..##.b.....# ###.# .. .
#.......# #... .#
#....†..###.####...
....#............#.#.
.........#.##.###.#.#.#
g....##.##.##.###.#.#PP
.......#..........†.#PP
......# #..##.#......PP


You could see an endoplasm and a bat.

Vanquished Creatures
  An endoplasm (D:1)
  A giant cockroach (D:1)
  A quokka (D:1)
  A rat (D:1)
4 creatures vanquished.

Notes
Turn   | Place    | Note
-------+----------+-------------------------------------------
     0 | D:1      | hikkokomori the Gargoyle Earth Elementalist began the quest
                  | for the Orb.
     0 | D:1      | Reached XP level 1. HP: 10/10 MP: 3/3
   150 | D:1      | Frozen to death by an endoplasm

Illustrated notes

Levels and vault maps discovered:
D:1:      roderic_crop_circles_arrival_small, layout_loops_ring, serial_shops,
          nicolae_shop_temple_entry_statues_fountains, shop, minmay_hexomino_u4

Action                   || total
-------------------------++-------
Melee: Unarmed           ||    35
 Cast: Sandblast         ||     7
Armor: Robe              ||    18
Dodge: Dodged            ||    33
